 Dungeon Crawl Stone Soup version 0.27-a0-1196-g3e9cee4cb2 (webtiles) character file.

Game seed: 17366391122615962179

160464 freelancePsychic the Spry (level 17, -6/89 (95) HPs)
             Began as a Spriggan Hunter on May 28, 2021.
             Was the Champion of Okawaru.
             Killed from afar by a deep elf annihilator (31 damage)
             ... with a bolt of lightning
             ... on level 3 of the Elven Halls on May 29, 2021.
             The game lasted 02:16:45 (55306 turns).

freelancePsychic the Spry (Spriggan Hunter)        Turns: 55306, Time: 02:16:46

HP:   -6/89 (95)    AC: 10    Str: 13    XL:     17   Next: 18%
MP:   22/23         EV: 32    Int: 14    God:    Okawaru [******]
Gold: 2507          SH:  0    Dex: 15    Spells: 16/16 levels left

rFire    . . .     SeeInvis +   u - +8 demon trident "Rift" {distort, reach+}
rCold    . . .     Faith    +   (shield currently unavailable)
rNeg     + . .     Spirit   .   B - +5 steam dragon scales
rPois    .         Reflect  .   c - +0 hat {Int+3}
rElec    .         Harm     .   T - scarf {+Inv}
rCorr    .         Rampage  .   (gloves unavailable)
Will     ++...                  (boots unavailable)
Stlth    +++++++...             V - amulet of faith
HPRegen  0.24/turn              D - +4 ring of evasion
MPRegen  0.18/turn              n - ring of positive energy

@: very slightly contaminated, studying Fighting, drained, invisible, very quick
A: very small, no large weapons, unfitting armour, see invisible, speed 3,
antennae 1, hooves 1, clumsy 1, dopey 1
a: Renounce Religion, Evoke Invisibility, Heroism, Finesse


You were on level 3 of the Elven Halls.
You worshipped Okawaru.
Okawaru was exalted by your worship.
You visited 4 branches of the dungeon, and saw 26 of its levels.
You also visited: Gauntlet and Ice Cave.

You collected 3187 gold pieces.
You spent 680 gold pieces at shops.

Inventory:

Hand Weapons
 a - a +2 dagger of venom
 b - a +3 fustibalus of venom
 g - a +0 short sword
 u - the +8 demon trident "Rift" (weapon) {distort, reach+}
   (You found it on level 14 of the Dungeon)

   It warps and distorts space around it.
   Unwielding it can cause banishment or high damage.
 C - the +7 fustibalus "Tucadex" {vorpal, rN++ Int+4 Dex-4 Stlth+}
   (You bought it in a shop on level 14 of the Dungeon)

   Any stone fired from it inflicts extra damage.
   It affects your intelligence (+4).
   It affects your dexterity (-4).
   It greatly protects you from negative energy.
   It makes you more stealthy.
 U - a +2 vampiric demon blade
Missiles
 d - 84 sling bullets
 h - 56 poisoned darts
 o - 811 stones
 r - a throwing net
 Q - 3 curare-tipped darts
Armour
 c - a +0 hat of intelligence (worn)
 B - +5 steam dragon scales (worn)
 K - a scarf of shadows
 T - a scarf of invisibility (worn)
Jewellery
 n - a ring of positive energy (right hand)
 q - a ring of flight
 t - a ring of protection from cold
 D - a +4 ring of evasion (left hand)
 F - a ring of wizardry
 G - a ring of ice
 J - an amulet of reflection
 V - an amulet of faith (around neck)
 Y - a ring of poison resistance
Wands
 x - a wand of acid (12)
 y - a wand of flame (74)
 A - a wand of iceblast (47)
 I - a wand of charming (13)
 M - a wand of digging (12)
 N - a wand of paralysis (18)
 P - a wand of polymorph (20)
Scrolls
 m - 6 scrolls of enchant armour
 v - 6 scrolls of blinking
 w - a scroll of fog
 z - 3 scrolls of summoning
 H - 2 scrolls of teleportation {@r4}
 R - a scroll of holy word
 S - 7 scrolls of identify {@r1}
 W - 2 scrolls of amnesia
Potions
 e - a potion of ambrosia
 f - 6 potions of lignification
 i - 2 potions of attraction
 j - 4 potions of brilliance
 k - 11 potions of curing {@q1}
 l - 3 potions of heal wounds {@q2}
 p - 3 potions of flight
 s - 2 potions of resistance {unknown}
 E - 2 potions of might
 X - a potion of haste {@q3}
Miscellaneous
 L - a phial of floods
 O - a box of beasts


   Skills:
 + Level 13.5 Fighting
 + Level 11.4 Polearms
 - Level 14.0 Slings
 - Level 5.4 Crossbows
 - Level 17.8 Dodging
 - Level 17.4 Stealth
 - Level 7.0 Invocations
 - Level 12.5 Evocations


You had 16 spell levels left.
You didn't know any spells.
Your spell library contained the following spells:

 Spells                   Type           Power      Damage    Failure   Level
 Foxfire                  Conj/Fire      0%         2x1d4     28%         1
 Sandblast                Erth           0%         2d4       28%         1
 Sting                    Tmut/Pois      0%         1d3       28%         1
 Summon Small Mammal      Summ           0%         N/A       28%         1
 Passwall                 Tmut/Erth      0%         N/A       41%         2
 Poisonous Vapours        Pois/Air       0%         N/A       41%         2
 Confusing Touch          Hex            0%         N/A       65%         3
 Conjure Flame            Conj/Fire      0%         6-21      65%         3
 Gell's Gravitas          Tloc           0%         N/A       65%         3
 Ignite Poison            Fire/Tmut/Pois 0%         N/A       65%         3
 Inner Flame              Hex/Fire       0%         N/A       65%         3
 Mephitic Cloud           Conj/Pois/Air  0%         N/A       65%         3
 Stone Arrow              Conj/Erth      0%         3d7       65%         3
 Summon Guardian Golem    Hex/Summ       0%         N/A       65%         3
 Cause Fear               Hex            0%         N/A       96%         4
 Olgreb's Toxic Radiance  Pois           0%         N/A       96%         4
 Petrify                  Tmut/Erth      0%         N/A       96%         4
 Sticky Flame             Conj/Fire      0%         2d3       96%         4
 Summon Lightning Spire   Summ/Air       0%         N/A       96%         4
 Bolt of Magma            Conj/Fire/Erth 0%         4d4       100%        5
 Fireball                 Conj/Fire      0%         3d3       100%        5
 Irradiate                Conj/Tmut      0%         3d13      100%        5
 Lee's Rapid Deconstruct  Erth           0%         3d5*      100%        5
 Metabolic Englaciation   Hex/Ice        0%         N/A       100%        5
 Silence                  Hex/Air        0%         N/A       100%        5
 Yara's Violent Unravell  Hex/Tmut       0%         3d3       100%        5
 Conjure Ball Lightning   Conj/Air       0%         3x3d6     100%        6
 Shadow Creatures         Summ           N/A        N/A       100%        6
 Dragon Form              Tmut           0%         N/A       100%        7
 Ignition                 Fire           0%         3d3       100%        8
 Dragon's Call            Summ           0%         N/A       100%        9
 Tornado                  Air            0%         N/A       100%        9


Dungeon Overview and Level Annotations

Branches:
Dungeon (15/15)            Temple (0/1) D:4            Lair (6/6) D:9
  Swamp (0/4) Lair:2        Snake (0/4) Lair:3        Slime (0/5) Lair:5
    Orc (2/2) D:9             Elf (3/3) Orc:2        Vaults (0/5) D:14
 Depths (0/5) D:15          IceCv (visited)         Gauntlet (visited)

Altars:
Ashenzari
Dithmenos
Fedhas
Gozag
Hepliaklqana
Makhleb
Okawaru
Qazlal
Ru
Trog
Yredelemnul
Zin
The Shining One
Beogh
Jiyva

Shops:
D:8 :(   D:9 ![   D:14 (   Orc:2 =(*?*

Portals:
Abyss: D:14
Pandemonium: Orc:2

Annotations:
D:9 2 transporters
D:14 Rabiuc's ghost, journeyman FoAK
Lair:4 exclusion: 3 oklob plants
Elf:2 3 runed translucent doors


Innate Abilities, Weirdness & Mutations

You are very small and have problems with some larger weapons.
You are too small for most types of armour.
You have supernaturally acute eyesight. (SInv)
You cover ground extremely quickly. (Speed+++)
You have a pair of small antennae on your head.
You have large cloven feet.
You are clumsy. (Dex -2)
You are dopey. (Int -2)


Message History

The deep elf annihilator casts a spell at you.
The poison arrow misses you.
The deep elf sorcerer casts a spell.
The deep elf sorcerer seems to speed up.
You hit the deep elf annihilator.
Space warps horribly around the deep elf annihilator!
The deep elf annihilator is almost dead.
A deep elf blademaster comes into view.
It is wielding two +0 rapiers and wearing the +1 chain mail of Qaolon {rElec rPois rC+}.
You closely miss the deep elf annihilator.
Your kick misses the deep elf annihilator.
The deep elf annihilator is almost dead.
You hit the deep elf annihilator but do no damage.
Space warps horribly around the deep elf annihilator!
You kill the deep elf annihilator!
Okawaru accepts your kill.
You barely miss the deep elf blademaster.
You kick the deep elf blademaster, but do no damage.
The deep elf blademaster misses you.
The deep elf blademaster hits you with a +0 rapier.
You feel drained.
You fade into invisibility!
You are very lightly contaminated with residual magic.
The deep elf blademaster misses you.
The deep elf blademaster completely misses you.
You puncture the deep elf blademaster!
Space bends around the deep elf blademaster.
Your kick misses the deep elf blademaster.
The deep elf blademaster is lightly wounded.
The deep elf sorcerer casts a spell at you.
The sphere of damnation explodes!
The damnation engulfs you!!!
Ouch! That really hurt!
You are too injured to fight recklessly!
The deep elf annihilator gestures at you while chanting.
The iron shot hits you.
* * * LOW HITPOINT WARNING * * *
Things that are here:
a +0 rapier; a +0 rapier; the +0 robe of the Saviour {rElec} The deep elf annihilator gestures at you while chanting.
The bolt of lightning hits you!!
You die...

#......<....................#
#.............=.............#
#..#########()..#..##########
'..# ###)###.# #).# #.)#..#
#..# ##[=.## #..# ##)## #..#
#.# { #..# #@# #..# #.# #..#
#.# #..# #)# #..#
######.###### #..#
#..)≈§§≈≈)..# '..#
##..§§§e§≈...## #..#
.....§§e≈≈..... #..#
.#...≈§e≈≈...##


You could see a deep elf annihilator.

Vanquished Creatures
  A deep elf blademaster (Elf:3)
  A deep elf master archer (Elf:3)
  A deep elf sorcerer (Elf:3)
  3 deep elf elementalists (Elf:3)
  3 deep elf annihilators
  4 deep elf demonologists (Elf:3)
  An ettin (D:15)
  4 deep elf death magi
  A deep elf high priest (Elf:3)
  2 catoblepae (Lair:4)
  5 hydras
  4 boulder beetles
  Fannar (D:11)
  3 vault guards (D:14)
  5 two-headed ogres
  11 dancing weapons
  5 death yaks (Lair:3)
  6 centaur warriors
  A tengu warrior (D:15)
  2 orc high priests (Orc:2)
  Sonja (D:11)
  16 deep elf knights
  A fire crab (D:15)
  A deep troll (D:15)
  An infernal demonspawn (Orc:2)
  2 bog bodies (Lair:2)
  9 deep elf archers
  4 orc knights (Orc:2)
  16 deep elf zephyrmancers
  29 deep elf pyromancers
  A necromancer (D:15)
  6 manticores
  4 orc sorcerers
  8 slime creatures
  3 cyclopes
  4 ugly things (D:14)
  6 elephants (Lair:5)
  Joseph (D:8)
  6 black mambas
  Maggie (D:8)
  2 torpor snails
  3 gargoyles
  A smoke demon (Orc:2)
  Psyche (D:8)
  28 cane toads
  3 rime drakes
  A freezing wraith (D:15)
  10 komodo dragons
  An unseen horror (D:11)
  A yaktaur (D:15)
  An efreet (D:13)
  An ice devil (Orc:2)
  A komodo dragon (shapeshifter) (Elf:3)
  3 kobold demonologists
  A tengu conjurer (D:15)
  A wind drake (shapeshifter) (Elf:2)
  2 polar bears (Lair:3)
  3 tyrant leeches (Lair:6)
  A hornet (D:10)
  5 trolls
  32 blink frogs
  A centaur simulacrum (D:14)
  4 air elementals
  Sigmund (D:2)
  5 water elementals
  6 wraiths
  39 yaks
  5 basilisks
  A fire elemental (Elf:2)
  8 humans
  4 wyverns
  A fire bat (Gauntlet)
  A neqoxec (Orc:2)
  16 vampire mosquitoes
  2 steam dragons (D:7)
  Edmund (D:4)
  3 nagas (Lair:3)
  2 swamp worms (Gauntlet)
  An acid dragon (D:8)
  A floating eye (shapeshifter) (Elf:1)
  19 water moccasins
  31 orc warriors
  5 necrophages
  3 sky beasts
  3 black bears
  6 ogres
  3 ice beasts
  18 wolves
  30 centaurs
  21 bullfrogs
  A kobold brigand (D:10)
  5 earth elementals
  4 gnoll sergeants
  4 wyvern zombies
  10 scorpions
  A wyvern skeleton (D:6)
  10 killer bees
  8 wights
  7 electric eels
  6 howler monkeys
  5 centaur zombies
  2 bullfrog zombies
  A jelly (D:6)
  22 orc priests
  5 hounds
  A bullfrog skeleton (D:4)
  3 iguanas
  18 orc wizards
  A killer bee zombie (D:8)
  A hound zombie (D:5)
  A hound skeleton (D:5)
  2 mummies (D:10)
  2 howler monkey zombies
  12 gnolls
  A howler monkey skeleton (D:4)
  11 adders
  A shadow imp (D:9)
  14 white imps
  An ufetubus (D:5)
  2 adder skeletons (D:4)
  3 worms
  3 dart slugs
  51 orcs
  5 ball pythons
  4 endoplasms
  5 giant cockroaches
  6 goblins
  8 hobgoblins
  6 jackals
  3 quokkas
  5 bats
  5 frilled lizards
  14 kobolds
  4 rats
811 creatures vanquished.

Vanquished Creatures (collateral kills)
  4 orc high priests (Orc:2)
  A torturous demonspawn (Orc:2)
  A gelid demonspawn (Orc:2)
  2 deep elf pyromancers (Elf:1)
  An orc sorcerer (Orc:2)
  A red devil (Orc:2)
  A neqoxec (Orc:2)
  2 orc warriors (Orc:2)
  2 orc priests (Orc:2)
15 creatures vanquished.

Vanquished Creatures (others)
  A deep elf annihilator (Elf:3)
  2 deep elf knights (Elf:1)
  A deep elf archer (Elf:2)
  2 deep elf zephyrmancers
  An orc sorcerer (Orc:2)
  A human (D:13)
  3 bushes (Lair:6)
  27 fungi
  114 plants
  A withered plant (D:8)
153 creatures vanquished.

Grand Total: 979 creatures vanquished

Notes
Turn   | Place    | Note
-------+----------+-------------------------------------------
     0 | D:1      | freelancePsychic the Spriggan Hunter began the quest for
                  | the Orb.
     0 | D:1      | Reached XP level 1. HP: 10/10 MP: 2/2
   114 | D:1      | Reached skill level 5 in Slings
   352 | D:1      | Reached XP level 2. HP: 14/14 MP: 3/3
   837 | D:1      | Reached XP level 3. HP: 18/18 MP: 4/4
  1511 | D:2      | Reached XP level 4. HP: 22/22 MP: 5/5
  1678 | D:2      | Found a burning altar of Makhleb.
  1758 | D:2      | Noticed Sigmund
  2500 | D:2      | Killed Sigmund
  2501 | D:2      | Reached skill level 5 in Dodging
  2501 | D:2      | Reached skill level 5 in Stealth
  2501 | D:2      | Reached XP level 5. HP: 15/25 MP: 6/6
  2985 | D:3      | Reached XP level 6. HP: 30/30 MP: 7/7
  3052 | D:3      | Found a glowing silver altar of Zin.
  3081 | D:3      | Found an iron altar of Okawaru.
  3121 | D:3      | Found a burning altar of Makhleb.
  3342 | D:3      | Became a worshipper of Warmaster Okawaru
  3666 | D:3      | Found a faded altar of an unknown god.
  4414 | D:4      | Reached XP level 7. HP: 31/33 MP: 8/8
  4642 | D:4      | Found a staircase to the Ecumenical Temple.
  4791 | D:4      | Noticed Edmund
  4882 | D:4      | Killed Edmund
  5156 | D:4      | Found a bloodstained altar of Trog.
  5296 | D:4      | Reached * piety under Okawaru
  5461 | D:4      | You fall into a shaft and drop 1 floor!
  5461 | D:5      | Entered Level 5 of the Dungeon
  6104 | D:5      | Reached XP level 8. HP: 37/37 MP: 9/9
  6650 | D:5      | Found a blossoming altar of Fedhas.
  7327 | D:6      | Found a runed translucent door.
  7332 | D:6      | Found a runed translucent door.
  7347 | D:6      | Reached ** piety under Okawaru
  7442 | D:6      | Reached skill level 10 in Stealth
  7826 | D:6      | Reached XP level 9. HP: 41/41 MP: 10/10
  8254 | D:6      | Reached *** piety under Okawaru
  8268 | D:6      | Found a sacrificial altar of Ru.
  8410 | D:6      | Reached skill level 10 in Slings
  8841 | D:7      | Found a stormy altar of Qazlal.
  8918 | D:7      | Reached skill level 10 in Dodging
  9672 | D:7      | Found a broken altar of Ashenzari.
 10394 | D:8      | Found a basalt altar of Yredelemnul.
 10525 | D:8      | Found Voado's Book Shoppe.
 10740 | D:8      | Noticed Psyche
 10864 | D:8      | Killed Psyche
 11121 | D:8      | Reached **** piety under Okawaru
 11122 | D:8      | Reached XP level 10. HP: 46/46 MP: 11/11
 11261 | D:8      | Received a gift from Okawaru
 11864 | D:8      | Reached skill level 1 in Evocations
 12184 | D:8      | Received a gift from Okawaru
 12537 | D:8      | Found Leiqyf Hao's Antique Weapon Shoppe.
 12559 | D:8      | Noticed Maggie
 12571 | D:8      | Killed Maggie
 12641 | D:8      | Found an opulent altar of Gozag.
 12641 | D:8      | Noticed Joseph
 12680 | D:9      | Found a staircase to the Lair.
 12680 | D:9      | Noticed an elephant
 13256 | D:8      | Killed Joseph
 13256 | D:8      | Received a gift from Okawaru
 13782 | D:9      | Found Sebipur's Antique Armour Shop.
 13897 | D:9      | Noticed a centaur warrior
 13899 | D:9      | Noticed a wizard
 13900 | D:9      | Noticed a boulder beetle
 13931 | D:9      | Received a gift from Okawaru
 13951 | D:9      | Noticed a two-headed ogre
 14028 | D:9      | Found a transporter.
 14383 | D:9      | Found Nehas's Distillery.
 14403 | D:9      | Reached skill level 5 in Evocations
 14666 | D:9      | Found a staircase to the Orcish Mines.
 14690 | D:9      | Found a transporter.
 14817 | D:9      | Found a shadowy altar of Dithmenos.
 14887 | D:9      | Reached skill level 1 in Invocations
 14887 | D:9      | Reached XP level 11. HP: 50/53 MP: 12/12
 15023 | D:10     | Entered Level 10 of the Dungeon
 15407 | D:10     | Received a gift from Okawaru
 15919 | D:10     | Reached ***** piety under Okawaru
 16375 | D:10     | Found a hazy altar of Hepliaklqana.
 16842 | D:10     | Found a glowing golden altar of the Shining One.
 16879 | D:10     | Received a gift from Okawaru
 17588 | D:11     | Found a frozen archway.
 17651 | D:11     | Noticed a two-headed ogre
 17658 | D:11     | Killed a two-headed ogre
 17658 | D:11     | Received a gift from Okawaru
 17678 | IceCv    | Entered an ice cave
 17790 | IceCv    | Identified the +1 robe of Dyspraxia {rPois Will- rCorr
                  | Str+3} (Okawaru gifted it to you in an ice cave)
 17790 | IceCv    | Received a gift from Okawaru
 18367 | D:11     | Reached skill level 15 in Stealth
 18767 | D:11     | Noticed Fannar
 18927 | Lair:1   | Entered Level 1 of the Lair of Beasts
 19175 | Lair:1   | Reached skill level 5 in Fighting
 19425 | Lair:1   | Noticed a five-headed hydra
 19442 | Lair:1   | Killed a five-headed hydra
 20792 | Lair:2   | Reached XP level 12. HP: 60/60 MP: 16/16
 20805 | Lair:2   | Reached skill level 5 in Invocations
 20862 | Lair:2   | Noticed an eight-headed hydra
 20872 | Lair:2   | Killed an eight-headed hydra
 20912 | Lair:2   | Received a gift from Okawaru
 21398 | Lair:2   | Found a staircase to the Swamp.
 21522 | Lair:2   | Received a gift from Okawaru
 22477 | Lair:3   | Found a staircase to the Snake Pit.
 22772 | Lair:3   | Noticed a death yak
 22795 | Lair:3   | Killed a death yak
 23111 | Lair:3   | Noticed a five-headed hydra
 23124 | Lair:3   | Killed a five-headed hydra
 23685 | Lair:3   | Noticed a death yak
 23689 | Lair:3   | Noticed a death yak
 23690 | Lair:3   | Noticed a death yak
 23694 | Lair:3   | Noticed a death yak
 23698 | Lair:3   | Killed a death yak
 23708 | Lair:3   | Killed a death yak
 23736 | Lair:3   | Killed a death yak
 23737 | Lair:3   | Reached XP level 13. HP: 50/67 MP: 19/19
 24525 | Lair:4   | Received a gift from Okawaru
 25553 | Lair:4   | Received a gift from Okawaru
 25554 | Lair:4   | Reached skill level 15 in Dodging
 27073 | Lair:5   | Gained mutation: You occasionally shout uncontrollably at
                  | your foes. [potion of mutation]
 27073 | Lair:5   | Gained mutation: Armour fits poorly on your strangely
                  | shaped body. [potion of mutation]
 27074 | Lair:5   | Lost mutation: You occasionally shout uncontrollably at
                  | your foes. [potion of mutation]
 27074 | Lair:5   | Lost mutation: Armour fits poorly on your strangely shaped
                  | body. [potion of mutation]
 27074 | Lair:5   | Gained mutation: You have large cloven feet. [potion of
                  | mutation]
 27074 | Lair:5   | Gained mutation: You have a pair of small antennae on your
                  | head. [potion of mutation]
 27256 | Lair:5   | Found a gate leading to a gauntlet.
 27276 | Gauntlet | Entered a Gauntlet
 27276 | Gauntlet | Found a transporter.
 27276 | Gauntlet | Found a transporter.
 27276 | Gauntlet | Found a runed translucent gate.
 27340 | Gauntlet | Found a transporter.
 27340 | Gauntlet | Found a transporter.
 27348 | Gauntlet | Found a transporter.
 27352 | Gauntlet | Found a transporter.
 27360 | Gauntlet | Found a transporter.
 27376 | Gauntlet | Found a transporter.
 27377 | Gauntlet | Noticed a cacodemon
 27390 | Gauntlet | Found a transporter.
 27394 | Gauntlet | Found a transporter.
 27396 | Gauntlet | Found a runed translucent door.
 27398 | Gauntlet | Found a runed translucent door.
 27402 | Gauntlet | Found a transporter.
 27406 | Gauntlet | Found a transporter.
 27408 | Gauntlet | Found a runed translucent gate.
 27408 | Gauntlet | Found a runed translucent gate.
 27425 | Gauntlet | Found a runed translucent door.
 27573 | Gauntlet | Identified the +4 quarterstaff of Tehy {freeze, Int-3 Dex+6
                  | Stlth+}
 27596 | Gauntlet | Identified the +0 cloak "Hefetycale" {Int+3 Dex+3}
 27683 | Gauntlet | Identified the +4 scale mail of Lies {rPois rC+}
 27683 | Gauntlet | Noticed a minotaur
 27709 | Gauntlet | Identified Bubist's Tome of Burning Calling
 27751 | Lair:5   | Received a gift from Okawaru
 28238 | Lair:5   | Found a viscous altar of Jiyva.
 28238 | Lair:5   | Found a staircase to the Slime Pits.
 28620 | Lair:5   | Received a gift from Okawaru
 29181 | Lair:6   | Entered Level 6 of the Lair of Beasts
 29297 | Lair:6   | Identified the +8 hunting sling of Puukhael {vorpal, rElec
                  | rF- Will+ Int+5} (Okawaru gifted it to you on level 6 of
                  | the Lair of Beasts)
 29297 | Lair:6   | Received a gift from Okawaru
 30263 | Lair:5   | Reached XP level 14. HP: 67/75 MP: 20/20
 30551 | Lair:6   | Received a gift from Okawaru
 30701 | Lair:6   | Identified the +1 spear of Dishonour {protect, rPois rF++
                  | rC-}
 30710 | Lair:6   | Reached skill level 10 in Evocations
 31423 | Lair:6   | Found the +3 crown of Dyrovepreva {rElec Int+2 SInv}
 32073 | Lair:6   | Received a gift from Okawaru
 32552 | Lair:6   | Reached ****** piety under Okawaru
 32552 | Lair:6   | Received a gift from Okawaru
 32835 | Orc:1    | Entered Level 1 of the Orcish Mines
 33574 | Orc:2    | Entered Level 2 of the Orcish Mines
 33574 | Orc:2    | Found a staircase to the Elven Halls.
 33592 | Orc:2    | Found Ysmepn's General Store.
 34136 | Orc:2    | Gained mutation: You are clumsy. (Dex -2) [a neqoxec]
 34258 | Orc:2    | Found Bolorirch's Magic Scroll Emporium.
 34317 | Orc:2    | Found Biosm's General Store.
 35418 | Orc:2    | Received a gift from Okawaru
 35447 | Orc:2    | Received a gift from Okawaru
 35651 | Orc:2    | Received a gift from Okawaru
 35692 | Orc:2    | Found Qaroec Neune's Antique Weapon Boutique.
 35692 | Orc:2    | Found Jiloqiry's Jewellery Shop.
 35693 | Orc:2    | Found a one-way gate leading to the halls of Pandemonium.
 36127 | Orc:2    | Reached skill level 10 in Fighting
 36467 | Elf:1    | Entered Level 1 of the Elven Halls
 36515 | Orc:2    | Received a gift from Okawaru
 36912 | D:11     | Killed Fannar
 37014 | D:11     | Noticed Sonja
 37019 | D:11     | Killed Sonja
 37020 | D:11     | Reached XP level 15. HP: 76/78 MP: 21/21
 38453 | D:12     | Identified the +2 leather armour of Analysis {Fly rElec
                  | rPois Str-2}
 39312 | D:13     | Identified the +2 dagger "Recig" {vorpal, Int+6}
 39760 | D:14     | Found Beajiuz's Antique Weapon Boutique.
 39778 | D:14     | Bought a sapphire fustibalus for 680 gold pieces
 39778 | D:14     | Identified the +7 fustibalus "Tucadex" {vorpal, rN++ Int+4
                  | Dex-4 Stlth+} (You bought it in a shop on level 14 of the
                  | Dungeon)
 40447 | D:14     | Received a gift from Okawaru
 40728 | D:13     | Received a gift from Okawaru
 41378 | D:14     | Found a bloodstained altar of Trog.
 41538 | D:14     | Reached skill level 1 in Crossbows
 41604 | D:14     | Noticed an Executioner
 41613 | D:14     | Found a transporter.
 41619 | D:14     | Noticed an orc warlord
 41622 | D:14     | Found a one-way gate to the infinite horrors of the Abyss.
 41622 | D:14     | Noticed Rabiuc's ghost (journeyman FoAK)
 41648 | D:14     | Found a transporter.
 41651 | D:14     | Found the +8 demon trident "Rift" {distort, reach+}
 41760 | D:14     | Found a gate to the Vaults.
 41902 | D:14     | Identified the +9 ring mail of Eternal Vigilance {+Blink
                  | rElec Int+2 Dex-3}
 42690 | D:15     | Entered Level 15 of the Dungeon
 43826 | D:15     | Received a gift from Okawaru
 43995 | D:15     | Found a staircase to the Depths.
 44011 | D:15     | Reached skill level 5 in Crossbows
 44020 | D:15     | Identified a scroll of acquirement
 44021 | D:15     | Acquired a manual of Polearms
 44094 | D:15     | Received a gift from Okawaru
 44095 | D:15     | Reached skill level 1 in Polearms
 45676 | Elf:1    | Reached skill level 5 in Polearms
 46721 | Elf:1    | Received a gift from Okawaru
 46775 | Elf:1    | Reached XP level 16. HP: 58/71 MP: 22/22
 46854 | Elf:1    | Identified the Tome of Combat Magic
 49231 | Elf:2    | Found a runed translucent gate.
 49753 | Elf:2    | Reached skill level 10 in Polearms
 49825 | Elf:2    | Found a runed translucent gate.
 49827 | Elf:2    | Found a runed translucent gate.
 50260 | Elf:2    | Received a gift from Okawaru
 50667 | Elf:2    | Received a gift from Okawaru
 51669 | Elf:3    | Entered Level 3 of the Elven Halls
 51760 | Elf:3    | Acquired a manual of Fighting
 52400 | Elf:3    | Identified the +1 cloak "Fuecish" {Harm rC- Int+7 Dex-5}
                  | (Okawaru gifted it to you on level 3 of the Elven Halls)
 52400 | Elf:3    | Received a gift from Okawaru
 53603 | Elf:3    | Noticed a deep elf master archer
 53625 | Elf:3    | Identified the +0 robe of the Saviour {rElec}
 53625 | Elf:3    | Noticed a deep elf blademaster
 53628 | Elf:3    | Killed a deep elf master archer
 53637 | Elf:3    | Killed a deep elf blademaster
 53647 | Elf:3    | Reached XP level 17. HP: 51/95 MP: 23/23
 53848 | Elf:3    | Gained mutation: You are dopey. (Int -2) [a neqoxec]
 55016 | Elf:3    | Received a gift from Okawaru
 55291 | Elf:3    | Identified the +11 great sword "Killer Bee's Death"
                  | {vorpal, rPois rN++}
 55293 | Elf:3    | Identified the +1 chain mail of Qaolon {rElec rPois rC+}
 55293 | Elf:3    | Noticed a deep elf blademaster
 55306 | Elf:3    | Killed from afar by a deep elf annihilator

Illustrated notes

Levels and vault maps discovered:
D:1:      tarquinn_simple_flora_water_e, layout_basic, patterned_corridor
D:2:      layout_basic, basic_altar, uniq_sigmund
D:3:      layout_basic, grunt_temple_overflow_open,
          shapermc_ecumenical_altar_notcrosses
D:4:      layout_rooms, lemuel_coloured_pillars_altar,
          minmay_temple_entry_wispy, uniq_edmund
D:5:      layout_loops_corners, lemuel_crystal_altar
D:6:      lemuel_insect_pit, layout_rooms, nicolae_overflow_crystal_walls,
          chequers_serial_rivers_small_3, kennysheep_generic_room_13
D:7:      minmay_recursive_quarters, layout_loops_corners,
          kennysheep_little_box, amcnicky_altar_gilded
D:8:      minmay_ornate_pinched, layout_loops_corners,
          yredelemnul_altar_generic, lemuel_tele_altar, serial_shops,
          nicolae_shop_waterfront, shop, minmay_small_thing, uniq_maggie,
          uniq_joseph, uniq_psyche
D:9:      gammafunk_the_bubble [the_bubble_gammafunk_plus_minus],
          layout_irregular_city, grunt_dithmenos_shadows, david_lair_generic,
          orc_0_dummy, serial_shops, nicolae_shop_crystal, nicolae_shop_crystal,
          serial_bayou, serial_bayou_pond_b, serial_bayou_shore_a,
          serial_bayou_ford_a, serial_bayou_pond_e
D:10:     layout_roguey, worldfamousw_hep_ancestral_shrine,
          general_overflow_altar, serial_undead, serial_undead_d,
          serial_undead_b, serial_undead_d, serial_undead_f, serial_undead_b,
          serial_undead_a
D:11:     layout_basic, portal_ice_cave_entry_imps, uniq_fannar, uniq_sonja
D:12:     layout_roguey
D:13:     layout_cave_pools, grunt_decor_fettered, kennysheep_generic_room_9
D:14:     layout_stronghold, ximxim_vaults_locker_room, serial_shops,
          nicolae_shop_trees, gammafunk_ghost_abyssal_escape, trog_hazing_becter
D:15:     hangedman_depths_entry_civil_slaughter, layout_basic,
          minmay_misc_feat_more_columns, grunt_ministairs_15
Lair:1:   layout_regular_city, lemuel_fruit_tree, grunt_megastairs_4
Lair:2:   layout_regular_city, skrybe_swamp_entry_bodies, lemuel_fruit_fields
Lair:3:   nzn_winding_woodlands_cross [nzn_winding_woodlands_5x15_pool,
          nzn_winding_woodlands_5x15_cabin, nzn_winding_woodlands_5x15_garden,
          nzn_winding_woodlands_5x15_eye,
          nzn_winding_woodlands_15x15_five_gardens], layout_misc_corridors,
          guppyfry_snake_entry_island
Lair:4:   nzn_motion_control, layout_regular_city,
          chequers_serial_rivers_micro_a, serial_bayou_pond_c,
          columned_hall_lemuel, dpeg_oklob_1
Lair:5:   layout_cave_pods, slime_altar_1, gauntlet_entry_generic,
          grunt_megastairs_1, serial_bayou_shore_b
Lair:6:   minmay_lair_end_frog_pond, layout_gridlike, minivault_26
Orc:1:    layout_caves, hangedman_feature_mirror, uniq_josephine
Orc:2:    pf_orc_diabolical, layout_diamond_mine, serial_shops,
          nicolae_shop_statue_plus
Elf:1:    minmay_elf_arrival_plus, layout_geoelf_grid, minmay_elf_annihilation
Elf:2:    layout_geoelf_octagon, roderic_roman_lattice, uniq_asterion
Elf:3:    elf_hall_gauntlet_narrow, layout_onion_city, minivault_4

Skill      XL: |  1  2  3  4  5  6  7  8  9 10 11 12 13 14 15 16 |
---------------+-------------------------------------------------+-----
Stealth        | 2 3 5 6 8 10 12 14 15 17 | 17.4
Slings         | 5 6 7 8 9 11 12 14 | 14.0
Dodging        | 3 4 5 6 7 9 10 11 12 14 16 17 | 17.8
Evocations     | 5 9 11 12 | 12.5
Fighting       | 3 5 7 9 10 11 13 | 13.5
Invocations    | 1 4 7 |  7.0
Crossbows      | 5 |  5.4
Polearms       | 7 11 | 11.4

Action                   |  1- 3 |  4- 6 |  7- 9 | 10-12 | 13-15 | 16-18 || total
-------------------------+-------+-------+-------+-------+-------+-------++-------
Melee: Dagger            |       |     6 |    58 |    94 |    91 |    34 ||   283
       Kick              |       |       |       |       |    22 |    64 ||    86
       Demon trident     |       |       |       |       |       |   474 ||   474
 Fire: Hunting sling     |    96 |   213 |   364 |  1284 |  1042 |       ||  2999
       Fustibalus        |       |       |       |       |  1285 |    55 ||  1340
Throw: Dart              |       |       |    48 |    14 |    24 |       ||    86
Invok: Heroism           |       |       |     4 |    11 |    10 |     8 ||    33
       Finesse           |       |       |       |       |    10 |     2 ||    12
 Abil: Evoke Invisibilit |       |       |       |       |     7 |    12 ||    19
Evoke: Wand              |       |       |       |    10 |    25 |       ||    35
       Phial of floods   |       |       |       |       |     4 |     1 ||     5
       Box of beasts     |       |       |       |       |     2 |     1 ||     3
  Use: Scroll            |       |     2 |     4 |    15 |    23 |     2 ||    46
       Potion            |       |       |       |       |     7 |     2 ||     9
 Stab: Sleeping          |       |       |     8 |     7 |     6 |    19 ||    40
       Distracted        |       |       |     1 |       |       |     7 ||     8
       Invisible         |       |       |       |       |    17 |    13 ||    30
       Paralysed         |       |       |       |       |     1 |       ||     1
Armor: Robe              |     3 |     5 |    13 |     5 |       |       ||    26
       Steam dragon scal |       |       |       |    52 |   118 |    17 ||   187
Dodge: Dodged            |    20 |    52 |   118 |   575 |  1269 |   203 ||  2237

Table legend: (Time is in decaauts)
 A = Elapsed time spent in this place.
 B = Non-inter-level travel time spent in this place.
 C = Inter-level travel time spent in this place.
 D = Time resting spent in this place.
 E = Time spent auto-exploring this place.
 F = Levels seen in this place.
 G = Mean time per level.
                   A        B        C        D        E       F      G
               +--------+--------+--------+--------+--------+-----+--------+
         Total |  44036 |  42914 |   1122 |   9269 |  26187 |  28 | 1572.7 |
       Dungeon |  21791 |  21100 |    691 |   4624 |  12896 |  15 | 1452.7 |
          Lair |  10385 |  10094 |    291 |    524 |   7617 |   6 | 1730.8 |
  Orcish Mines |   2903 |   2862 |     41 |    616 |   1655 |   2 | 1451.5 |
   Elven Halls |   8269 |   8172 |     97 |   3333 |   3693 |   3 | 2756.3 |
      Ice Cave |    368 |    368 |      0 |    123 |    187 |   1 |  368.0 |
      Gauntlet |    318 |    318 |      0 |     48 |    136 |   1 |  318.0 |
               +--------+--------+--------+--------+--------+-----+--------+

Top non-repeatable levels by time:
   Elf:1: 3112 daAuts
   Elf:2: 3017 daAuts
   Orc:2: 2703 daAuts
  Lair:5: 2313 daAuts
     D:8: 2215 daAuts
   Elf:3: 2139 daAuts
  Lair:4: 2114 daAuts
    D:15: 2017 daAuts
     D:9: 1942 daAuts
  Lair:6: 1816 daAuts
    D:10: 1747 daAuts
    D:14: 1714 daAuts
    D:13: 1680 daAuts
  Lair:3: 1544 daAuts
  Lair:1: 1449 daAuts
